 Dungeon Crawl Stone Soup version 0.29.1-2-gbd0b4ee654 (webtiles) character file.

Game seed: 7112842610189382202

51 Icepheonix32 the Insei (level 3, 0/23 HPs)
             Began as an Octopode Transmuter on Nov 20, 2022.
             Frozen to death by an endoplasm (5 damage)
             ... on level 2 of the Dungeon.
             The game lasted 00:01:37 (1162 turns).

Icepheonix32 the Insei (Octopode Transmuter)        Turns: 1162, Time: 00:01:38

Health: 0/23       AC:  1    Str: 11    XL:     3   Next: 81%
Magic:  6/6        EV: 13    Int: 15    God:
Gold:   60         SH:  0    Dex: 12    Spells: 5/6 levels left

rFire   . . .      SeeInvis .     - Unarmed
rCold   . . .      Faith    .   (no shield)
rNeg    . . .      Spirit   .   (helmet restricted)
rPois   .          Reflect  .   (no amulet)
rElec   .          Harm     .   (no ring)
rCorr   .          Rampage  .   (no ring)
Will    .....                   (no ring)
Stlth   ++........              (no ring)
HPRegen 0.07/turn               (no ring)
MPRegen 0.10/turn               (no ring)
                                (no ring)
                                (no ring)

@: no status effects
A: almost no armour, amphibious, 8 rings, camouflage 1, gelatinous body 1,
(nimble swimmer 1), tentacles
a: no special abilities


You were on level 2 of the Dungeon.
You visited 1 branch of the dungeon, and saw 2 of its levels.

You collected 60 gold pieces.

Inventory:

Scrolls
 b - a scroll of identify {unknown}
 e - a scroll of teleportation {unknown}
Potions
 a - a potion of lignification
 c - 2 potions of curing {unknown}
 d - a potion of heal wounds {unknown}


   Skills:
 - Level 1.0 Fighting
 * Level 2.5 Dodging
 + Level 3.8 Unarmed Combat
 - Level 2.0 Spellcasting
 * Level 2.6 Transmutations


You had 5 spell levels left.
You knew the following spells:

 Your Spells              Type           Power      Damage    Failure   Level
a - Beastly Appendage     Tmut           18%        N/A       8%          1

Your spell library contained the following spells:

 Spells                   Type           Power      Damage    Failure   Level
 Wereblood                Tmut           9%         N/A       11%         2
 Spider Form              Tmut/Pois      5%         N/A       36%         3
 Ice Form                 Ice/Tmut       5%         N/A       77%         4


Dungeon Overview and Level Annotations

Branches:
Dungeon (2/15)

Altars:


Innate Abilities, Weirdness & Mutations

You cannot wear most types of armour.
You are amphibious.
You can wear up to eight rings at the same time.
Your skin changes colour to match your surroundings (Stealth+).
Your rubbery body absorbs attacks. (AC +1, EV +1)
((You are camouflaged when in or above water. (Stealth+)))
You have tentacles for arms and can constrict up to eight enemies at once.


Message History

You are poisoned.
The adder poisons you!
You miss the adder. You grab the adder.
You pierce the adder.
You kill the adder!
You feel sick.
Unknown command.
You feel sick. The endoplasm hits you.
Unknown command.
You are too injured to fight recklessly!
Unknown command.
You are too injured to fight recklessly!
You are too injured to fight recklessly!
You completely miss the endoplasm.
You feel sick.
The endoplasm hits you but does no damage.
You tentacle-slap the endoplasm.
You pierce the endoplasm.
The endoplasm is almost dead.
You feel sick. The endoplasm freezes you.
You are frozen.
* * * LOW HITPOINT WARNING * * *
You tentacle-slap the endoplasm but do no damage.
You pierce the endoplasm.
You kill the endoplasm!
You feel sick.
You are no longer poisoned.
An endoplasm comes into view.
Your transformation is almost over.
An endoplasm is nearby!
You are too injured to fight recklessly!
You are too injured to fight recklessly!
The endoplasm quivers.
An endoplasm is nearby!
You are too injured to fight recklessly!
You are too injured to fight recklessly!
You are too injured to fight recklessly!
Your tentacle spike disappears.
The endoplasm jiggles.
The endoplasm freezes you.
You are frozen.
You die...

##. .....# ......
......
.###############......
.........@J...........
.###########..........
##...........
#####...........#
#........†......#
>.###.####..........#
#.....####..........#
#...#....#.........##
#..##..............#


You could see an endoplasm.

Vanquished Creatures
  An adder (D:2)
  A worm (D:2)
  An endoplasm (D:2)
  4 giant cockroaches
  7 goblins
  5 hobgoblins
  2 quokkas (D:1)
  4 ball pythons
  6 bats
  A frilled lizard (D:1)
  4 rats (D:1)
36 creatures vanquished.

Vanquished Creatures (others)
  11 plants (D:1)
11 creatures vanquished.

Grand Total: 47 creatures vanquished

Notes
Turn   | Place    | Note
-------+----------+-------------------------------------------
     0 | D:1      | Icepheonix32 the Octopode Transmuter began the quest for
                  | the Orb.
     0 | D:1      | Reached XP level 1. HP: 13/13 MP: 3/3
   175 | D:1      | Reached XP level 2. HP: 11/18 MP: 3/5
   706 | D:1      | Reached XP level 3. HP: 23/23 MP: 6/6
  1162 | D:2      | Frozen to death by an endoplasm

Illustrated notes

Levels and vault maps discovered:
D:1:      dpeg_arrival_solitude, layout_rooms, serial_bayou_lagoon_a
D:2:      layout_rooms, nicolae_figureground_sparkle

Action                   || total
-------------------------++-------
Melee: Unarmed           ||    89
       Constrict         ||    29
       Tentacles         ||    10
       Kick              ||    19
       Punch             ||     2
 Cast: Beastly Appendage ||    13
 Stab: Sleeping          ||     2
Armor: Skin              ||     7
Dodge: Dodged            ||    50
